TOP OF THE 1ST |
Mississippi Braves batting - Pitching for Altoona Curve : RHP Nelson Villalva
|
Pitching: RHP Nelson Villalva
|
|
Batting: RHB Edgar Castillo
|
0-0: Foul Ball, location: 2F 0-1: Called Strike 0-2: Strikes out swinging, 2-3 out at first.
|
Batting: RHB Joe Young
|
0-0: Fly out, F8 (Flyball, 89S, EV 96.2 MPH)
|
Batting: LHB Art D'Ascenzo
|
0-0: Called Strike 0-1: Ball 1-1: Called Strike 1-2: Ball 2-2: Strikes out swinging
|
Top of the 1st over - 0 runs, 0 hits, 0 errors, 0 left on base; Mississippi 0 - Altoona 0 |
BOTTOM OF THE 1ST |
Altoona Curve batting - Pitching for Mississippi Braves : RHP Brian Bailes
|
Pitching: RHP Brian Bailes
|
|
Batting: LHB Joe Hoover
|
0-0: Swinging Strike 0-1: Ball 1-1: Ball 2-1: Foul Ball, location: 2F 2-2: Foul Ball, location: 2F 2-2: Foul Ball, location: 2F 2-2: Strikes out swinging
|
Batting: RHB Jose Almonte
|
0-0: SOLO HOME RUN (Flyball, 78XD, EV 98.1 MPH), Distance : 387 ft
|
Batting: RHB Zach Chmieleski
|
0-0: Ball 1-0: Foul Ball, location: 2F 1-1: Called Strike 1-2: Ball 2-2: Ball 3-2: Fly out, F8 (Flyball, 8LD, EV 84.4 MPH)
|
Batting: LHB Ruben Garza
|
0-0: Ground out 5-3 (Groundball, 5S, EV 67.5 MPH)
|
Bottom of the 1st over - 1 run, 1 hit, 0 errors, 0 left on base; Mississippi 0 - Altoona 1 |
TOP OF THE 2ND |
Mississippi Braves batting - Pitching for Altoona Curve : RHP Nelson Villalva
|
Batting: LHB Oke Monti
|
0-0: Fly out, F9 (Line Drive, 89M, EV 104.4 MPH)
|
Batting: RHB Corey Dalton
|
0-0: Called Strike 0-1: Called Strike 0-2: Ball 1-2: Foul Ball, location: 2F 1-2: Ground out 5-3 (Groundball, 5L, EV 104.4 MPH)
|
Batting: SHB Jamie Roberts
|
0-0: Ball 1-0: Ball 2-0: Swinging Strike 2-1: Foul Ball, location: 2F 2-2: Strikes out looking
|
Top of the 2nd over - 0 runs, 0 hits, 0 errors, 0 left on base; Mississippi 0 - Altoona 1 |
BOTTOM OF THE 2ND |
Altoona Curve batting - Pitching for Mississippi Braves : RHP Brian Bailes
|
Batting: SHB Mike Corley
|
0-0: Called Strike 0-1: Foul Ball, location: 2F 0-2: Foul Ball, location: 2F 0-2: Ball 1-2: Hit by Pitch
|
Batting: RHB John Goynes
|
0-0: Foul Ball, location: 2F 0-1: Called Strike Mike Corley steals 2nd base 0-2: Strikes out looking
|
Batting: RHB Jordan Robinson
|
0-0: SINGLE (Groundball, 6D, EV 102.5 MPH) Mike Corley to third Runner from 3rd tries for Home, SAFE, throw by LF to home
|
Batting: SHB Curtis Thompson
|
0-0: Called Strike 0-1: Ball Jordan Robinson steals 2nd base 1-1: Called Strike 1-2: Strikes out swinging
|
Batting: RHB Pleun Smit
|
0-0: Ground out 1-3 (Groundball, 25, EV 69.4 MPH)
|
Bottom of the 2nd over - 1 run, 1 hit, 0 errors, 1 left on base; Mississippi 0 - Altoona 2 |
TOP OF THE 3RD |
Mississippi Braves batting - Pitching for Altoona Curve : RHP Nelson Villalva
|
Batting: LHB Ryan Murdock
|
0-0: Called Strike 0-1: Called Strike 0-2: Ball 1-2: Ball 2-2: Strikes out looking
|
Batting: RHB Ingidayehu Lagat
|
0-0: Called Strike 0-1: Ball 1-1: Ground out 5-3 (Groundball, 56, EV 91.9 MPH)
|
Batting: RHB Adrian Billups
|
0-0: Foul Ball, location: 2F 0-1: Ball 1-1: Foul Ball, location: 2F 1-2: Fly out, F8 (Line Drive, 8RM, EV 85.6 MPH)
|
Top of the 3rd over - 0 runs, 0 hits, 0 errors, 0 left on base; Mississippi 0 - Altoona 2 |
BOTTOM OF THE 3RD |
Altoona Curve batting - Pitching for Mississippi Braves : RHP Brian Bailes
|
Batting: LHB Joe Hoover
|
0-0: Ground out 5-3 (Groundball, 15, EV 88.1 MPH)
|
Batting: RHB Jose Almonte
|
0-0: Ball 1-0: Ball 2-0: Called Strike 2-1: Ball 3-1: Swinging Strike 3-2: Strikes out looking
|
Batting: RHB Zach Chmieleski
|
0-0: Ball 1-0: Ball 2-0: Ball 3-0: Called Strike 3-1: Foul Ball, location: 2F 3-2: Foul Ball, location: 2F 3-2: Strikes out swinging
|
Bottom of the 3rd over - 0 runs, 0 hits, 0 errors, 0 left on base; Mississippi 0 - Altoona 2 |
TOP OF THE 4TH |
Mississippi Braves batting - Pitching for Altoona Curve : RHP Nelson Villalva
|
Batting: RHB Edgar Castillo
|
0-0: Foul Ball, location: 2F 0-1: Foul Ball, location: 2F 0-2: Ball 1-2: Ball 2-2: Ball 3-2: Foul Ball, location: 2F 3-2: Base on Balls
|
Batting: RHB Joe Young
|
0-0: Called Strike Edgar Castillo is caught stealing 2nd base 2-4 0-1: Ball 1-1: Ball 2-1: Ball 3-1: Swinging Strike 3-2: Foul Ball, location: 2F 3-2: SINGLE (Line Drive, 7LS, EV 90.0 MPH)
|
Batting: LHB Art D'Ascenzo
|
0-0: Ball Joe Young steals 2nd base 1-0: Swinging Strike 1-1: Ground out U3 (Groundball, 3L, EV 87.5 MPH) Joe Young to third
|
Batting: LHB Oke Monti
|
0-0: Fly out, F9 (Flyball, 9S, EV 91.9 MPH)
|
Top of the 4th over - 0 runs, 1 hit, 0 errors, 1 left on base; Mississippi 0 - Altoona 2 |
BOTTOM OF THE 4TH |
Altoona Curve batting - Pitching for Mississippi Braves : RHP Brian Bailes
|
Batting: LHB Ruben Garza
|
0-0: Fly out, F8 (Flyball, 78D, EV 101.9 MPH)
|
Batting: SHB Mike Corley
|
0-0: Ball 1-0: Ground out U3 (Groundball, 34, EV 93.1 MPH)
|
Batting: RHB John Goynes
|
0-0: Ball 1-0: Ball 2-0: Swinging Strike 2-1: Foul Ball, location: 2F 2-2: Ball 3-2: Foul Ball, location: 2F 3-2: Ground out 6-3 (Groundball, 6S, EV 76.9 MPH)
|
Bottom of the 4th over - 0 runs, 0 hits, 0 errors, 0 left on base; Mississippi 0 - Altoona 2 |
TOP OF THE 5TH |
Mississippi Braves batting - Pitching for Altoona Curve : RHP Nelson Villalva
|
Batting: RHB Corey Dalton
|
0-0: Called Strike 0-1: Ball 1-1: Ground out 5-3 (Groundball, 56, EV 102.5 MPH)
|
Batting: SHB Jamie Roberts
|
0-0: Called Strike 0-1: Ball 1-1: Foul Ball, location: 2F 1-2: Strikes out swinging
|
Batting: LHB Ryan Murdock
|
0-0: Ball 1-0: Ball 2-0: Called Strike 2-1: Foul Ball, location: 2F 2-2: Ground out 4-3 (Groundball, 4, EV 95.0 MPH)
|
Top of the 5th over - 0 runs, 0 hits, 0 errors, 0 left on base; Mississippi 0 - Altoona 2 |
BOTTOM OF THE 5TH |
Altoona Curve batting - Pitching for Mississippi Braves : RHP Brian Bailes
|
Batting: RHB Jordan Robinson
|
0-0: Called Strike 0-1: Ball 1-1: Ball 2-1: SINGLE (Groundball, 25, EV 76.2 MPH) (infield hit)
|
Batting: SHB Curtis Thompson
|
0-0: Called Strike 0-1: Fly out, F5 (Popup, 56S, EV 80.0 MPH)
|
Batting: RHB Pleun Smit
|
0-0: Called Strike 0-1: Fly out, F4 (Popup, 34, EV 72.5 MPH)
|
Batting: LHB Joe Hoover
|
0-0: Ball Jordan Robinson steals 2nd base (no throw) 1-0: Swinging Strike 1-1: Ball 2-1: Ball 3-1: 2-RUN HOME RUN (Flyball, 9LD, EV 93.1 MPH), Distance : 335 ft
|
Batting: RHB Jose Almonte
|
0-0: Called Strike 0-1: Swinging Strike 0-2: Hit by Pitch
|
Batting: RHB Zach Chmieleski
|
0-0: Fielders Choice at 2nd, 6-4 (Groundball, 6, EV 86.9 MPH)
|
Bottom of the 5th over - 2 runs, 2 hits, 0 errors, 1 left on base; Mississippi 0 - Altoona 4 |
TOP OF THE 6TH |
Mississippi Braves batting - Pitching for Altoona Curve : RHP Nelson Villalva
|
Batting: RHB Ingidayehu Lagat
|
0-0: Ball 1-0: Fly out, F2 (Popup, 2RF, EV 85.6 MPH)
|
Batting: RHB Adrian Billups
|
0-0: Ball 1-0: Foul Ball, location: 2F 1-1: Ball 2-1: Ball 3-1: Ground out 5-3 (Groundball, 5S, EV 90.6 MPH)
|
Batting: RHB Edgar Castillo
|
0-0: Called Strike 0-1: Ball 1-1: Ball 2-1: SINGLE (Groundball, 4M, EV 97.5 MPH) (infield hit)
|
Batting: RHB Joe Young
|
0-0: Called Strike 0-1: Foul Ball, location: 2F 0-2: Fly out, F9 (Flyball, 9D, EV 96.9 MPH)
|
Top of the 6th over - 0 runs, 1 hit, 0 errors, 1 left on base; Mississippi 0 - Altoona 4 |
BOTTOM OF THE 6TH |
Altoona Curve batting - Pitching for Mississippi Braves : RHP Brian Bailes
|
Batting: LHB Ruben Garza
|
0-0: Called Strike 0-1: Fly out, F7 (Flyball, 7LM, EV 85.6 MPH)
|
Batting: SHB Mike Corley
|
0-0: Foul Ball, location: 2F 0-1: Ground out 1-3 (Groundball, 13, EV 76.2 MPH)
|
Batting: RHB John Goynes
|
0-0: Ball 1-0: Fly out, F4 (Line Drive, 4, EV 61.9 MPH)
|
Bottom of the 6th over - 0 runs, 0 hits, 0 errors, 0 left on base; Mississippi 0 - Altoona 4 |
TOP OF THE 7TH |
Mississippi Braves batting - Pitching for Altoona Curve : RHP Nelson Villalva
|
Batting: LHB Art D'Ascenzo
|
0-0: Swinging Strike 0-1: Ball 1-1: Foul Ball, location: 2F 1-2: Ball 2-2: Foul Ball, location: 2F 2-2: Ball 3-2: Foul Ball, location: 2F 3-2: Ground out 4-3 (Groundball, 4D, EV 105.0 MPH)
|
Pitching: RHP Bobby Detmer
|
|
Batting: LHB Oke Monti
|
0-0: Called Strike 0-1: Foul Ball, location: 2F 0-2: Ball 1-2: Ball 2-2: Fly out, F8 (Line Drive, 8LS, EV 96.9 MPH)
|
Batting: RHB Corey Dalton
|
0-0: Called Strike 0-1: Swinging Strike 0-2: Foul Ball, location: 2F 0-2: Foul Ball, location: 2F 0-2: Ball 1-2: Strikes out looking
|
Top of the 7th over - 0 runs, 0 hits, 0 errors, 0 left on base; Mississippi 0 - Altoona 4 |
BOTTOM OF THE 7TH |
Altoona Curve batting - Pitching for Mississippi Braves : RHP Brian Bailes
|
Batting: RHB Jordan Robinson
|
0-0: Called Strike 0-1: Foul Ball, location: 2F 0-2: Ball 1-2: Ball 2-2: Ball 3-2: Fly out, F8 (Flyball, 8LD, EV 98.8 MPH)
|
Batting: SHB Curtis Thompson
|
0-0: SINGLE (Groundball, 13S, EV 73.8 MPH) (infield hit)
|
Batting: RHB Pleun Smit
|
0-0: Fly out, F9 (Flyball, 89D, EV 95.6 MPH)
|
Pitching: RHP Rich Young
|
|
Batting: LHB Joe Hoover
|
0-0: Ball 1-0: Ball 2-0: Called Strike 2-1: Called Strike 2-2: SINGLE (Groundball, 4MS, EV 64.4 MPH) (infield hit) Curtis Thompson to second
|
Batting: RHB Jose Almonte
|
0-0: Foul Ball, location: 2F 0-1: Swinging Strike 0-2: Ground out 1-3 (Groundball, 34S, EV 73.8 MPH)
|
Bottom of the 7th over - 0 runs, 2 hits, 0 errors, 2 left on base; Mississippi 0 - Altoona 4 |
TOP OF THE 8TH |
Mississippi Braves batting - Pitching for Altoona Curve : RHP Bobby Detmer
|
Batting: SHB Jamie Roberts
|
0-0: Ball 1-0: Ball 2-0: Fly out, F7 (Flyball, 7, EV 82.5 MPH)
|
Batting: LHB Ryan Murdock
|
0-0: Fly out, F8 (Flyball, 8LM, EV 90.0 MPH)
|
Batting: RHB Ingidayehu Lagat
|
0-0: Foul Ball, location: 2F 0-1: Foul Ball, location: 2F 0-2: Ball 1-2: Strikes out looking
|
Top of the 8th over - 0 runs, 0 hits, 0 errors, 0 left on base; Mississippi 0 - Altoona 4 |
BOTTOM OF THE 8TH |
Altoona Curve batting - Pitching for Mississippi Braves : RHP Rich Young
|
Batting: RHB Zach Chmieleski
|
0-0: Foul Ball, location: 2F 0-1: Called Strike 0-2: Ball 1-2: Ball 2-2: Ball 3-2: Foul Ball, location: 2F 3-2: SINGLE (Groundball, 6D, EV 109.4 MPH)
|
Batting: LHB Ruben Garza
|
0-0: Ball 1-0: Fly out, F8 (Flyball, 78M, EV 95.6 MPH)
|
Batting: SHB Mike Corley
|
0-0: Ball 1-0: SINGLE (Line Drive, 5D, EV 101.9 MPH) Zach Chmieleski to second
|
Batting: RHB John Goynes
|
0-0: Called Strike 0-1: Ball 1-1: Foul Ball, location: 2F 1-2: Ball 2-2: Ball 3-2: SINGLE (Line Drive, 56D, EV 97.5 MPH) Zach Chmieleski to third Mike Corley to second
|
Pitching: RHP Troy Hutch
|
|
Batting: RHB Jordan Robinson
|
0-0: Ball 1-0: Ball 2-0: SINGLE (Groundball, 6, EV 95.6 MPH) (infield hit) Zach Chmieleski scores Mike Corley to third John Goynes to second
|
Batting: SHB Curtis Thompson
|
0-0: Called Strike 0-1: Foul Ball, location: 2F 0-2: Strikes out swinging
|
Batting: RHB Pleun Smit
|
0-0: Ball 1-0: Ground out 5-3 (Groundball, 5S, EV 84.4 MPH)
|
Bottom of the 8th over - 1 run, 4 hits, 0 errors, 3 left on base; Mississippi 0 - Altoona 5 |
TOP OF THE 9TH |
Mississippi Braves batting - Pitching for Altoona Curve : RHP Bobby Detmer
|
Batting: RHB Adrian Billups
|
0-0: Called Strike 0-1: Ball 1-1: Ground out 6-3 (Groundball, 6, EV 106.9 MPH)
|
Batting: RHB Edgar Castillo
|
0-0: SINGLE (Line Drive, 89M, EV 89.4 MPH)
|
Batting: RHB Joe Young
|
0-0: Ball Passed Ball! Edgar Castillo to second 1-0: Ball 2-0: Called Strike 2-1: Ball 3-1: Foul Ball, location: 2F 3-2: SINGLE (Groundball, 56S, EV 69.4 MPH) (infield hit) Edgar Castillo to third
|
Pitching: RHP Robby Poyfair
|
|
Batting: LHB Art D'Ascenzo
|
0-0: Called Strike 0-1: Ball 1-1: SINGLE (Groundball, 34D, EV 95.0 MPH) Edgar Castillo scores Joe Young to second
|
Batting: LHB Oke Monti
|
0-0: Ball 1-0: Ball Wild Pitch! Joe Young to third Art D'Ascenzo to second 2-0: Called Strike 2-1: Foul Ball, location: 2F 2-2: Fly out, F9 (Line Drive, 9S, EV 98.1 MPH)
|
Batting: RHB Corey Dalton
|
0-0: Fly out, F8 (Flyball, 8RD, EV 91.2 MPH)
|
Top of the 9th over - 1 run, 3 hits, 0 errors, 2 left on base; Mississippi 1 - Altoona 5 |
|